 Dungeon Crawl Stone Soup version 0.30.0-29-ga12c61a403 (webtiles) character file.

Game seed: 12448426666584722665

2416 Balder the Cleaver (level 9, 0/75 HPs)
             Began as a Hill Orc Fighter on June 12, 2023.
             Slain by a two-headed ogre
             ... wielding a +0 giant club
              (9 damage)
             ... on level 8 of the Dungeon.
             The game lasted 00:35:27 (7008 turns).

Balder the Cleaver (Hill Orc Fighter)               Turns: 7008, Time: 00:35:28

Health: 0/75       AC: 32    Str: 19    XL:     9   Next: 47%
Magic:  9/9        EV:  9    Int:  8    God:
Gold:   331        SH:  7    Dex: 20    Spells: 8/8 levels left

rFire   . . .        a - +0 war axe
rCold   . . .        c - +1 buckler
rNeg    . . .        t - +18 Lear's hauberk
rPois   .            (helmet currently unavailable)
rElec   .            (no cloak)
rCorr   .            (gloves currently unavailable)
SInv    .            (boots currently unavailable)
Will    .....        (no amulet) Stlth
                     o - +6 ring of dexterity
HPRegen 0.32/turn    n - +4 ring of protection
MPRegen 0.11/turn

%: no passive effects
@: no status effects
A: no striking features
a: no special abilities


You were on level 8 of the Dungeon.
You visited 1 branch of the dungeon, and saw 8 of its levels.

You collected 331 gold pieces.

Inventory:

Hand Weapons
 a - a +0 war axe (weapon)
 b - a +2 dagger of venom
 v - the +3 spear of Ru's Hope {spect, Int+5}
   (You found it on level 2 of the Dungeon)

   Int:       It affects your intelligence (+5).
 A - a +0 flail of protection
 B - a +5 flail of holy wrath
Missiles
 e - 5 curare-tipped darts
 w - 12 boomerangs (quivered)
 C - 6 datura-tipped darts
 M - 4 poisoned darts
Armour
 c - a +1 buckler (worn)
 t - the +18 Lear's hauberk (worn)
   (You found it on level 2 of the Dungeon)
 x - a +0 pair of gloves
 D - a +0 pair of boots
 H - a +0 scale mail
Jewellery
 n - a +4 ring of protection (right hand)
 o - a +6 ring of dexterity (left hand)
Wands
 g - a wand of digging (1)
 y - a wand of roots (10)
 N - a wand of flame (18)
Scrolls
 i - a scroll of silence {unknown}
 j - 3 scrolls of teleportation
 l - a scroll of enchant armour
 r - 3 scrolls of blinking
 s - a scroll of poison {unknown}
 E - a scroll of enchant weapon {unknown}
 J - a scroll of magic mapping
 L - 6 scrolls of fear
Potions
 d - a potion of ambrosia
 f - a potion of brilliance {unknown}
 h - a potion of curing
 k - a potion of berserk rage {unknown}
 m - 2 potions of cancellation
 p - a potion of resistance {unknown}
 q - 2 potions of magic {unknown}
 u - a potion of flight {unknown}
 z - 2 potions of degeneration {unknown}
 F - a potion of heal wounds {unknown}
 K - a potion of mutation {unknown}


   Skills:
 * Level 6.1 Fighting
 * Level 1.2 Short Blades
 * Level 10.1 Axes
 * Level 3.0 Throwing
 * Level 6.1 Armour
 * Level 2.6 Dodging
 * Level 3.2 Stealth
 * Level 5.4 Shields


You had 8 spell levels left.
You didn't know any spells.
Your spell library contained the following spells:

 Spells                   Type           Power      Damage    Failure   Level
 Ensorcelled Hibernation  Hex/Ice        0%         N/A       99%         2
 Passwall                 Tmut/Erth      0%         N/A       99%         2
 Swiftness                Air            0%         N/A       100%        3


Dungeon Overview and Level Annotations

Branches:
Dungeon (8/15)
 Temple: D:4-7         Lair: D:8-11

Altars:
Cheibriados
Dithmenos
Fedhas
Gozag
Kikubaaqudgha
Nemelex Xobeh
Qazlal
Ru
Uskayaw
Zin


Message History

You block the two-headed ogre's attack.
You hit the two-headed ogre.
The two-headed ogre is lightly wounded.
You slash the two-headed ogre!
The two-headed ogre is moderately wounded.
The two-headed ogre hits you with a +0 giant club.
The two-headed ogre hits you with a +0 giant spiked club!
You hit the two-headed ogre.
The two-headed ogre is moderately wounded.
The two-headed ogre hits you with a +0 giant club!
The two-headed ogre hits you with a +0 giant spiked club.
You slash the two-headed ogre!
The two-headed ogre is heavily wounded.
The two-headed ogre hits you with a +0 giant club!
* * * LOW HITPOINT WARNING * * *
You block the two-headed ogre's attack.
You slash the two-headed ogre!
The two-headed ogre is severely wounded.
You hit the two-headed ogre.
The two-headed ogre is severely wounded.
The two-headed ogre hits you but does no damage.
The two-headed ogre barely misses you.
You hit the two-headed ogre.
The two-headed ogre is almost dead.
The two-headed ogre hits you with a +0 giant club.
* * * LOW HITPOINT WARNING * * *
You block the two-headed ogre's attack.
You hit the two-headed ogre.
The two-headed ogre is almost dead.
You barely miss the two-headed ogre.
The two-headed ogre is almost dead.
The two-headed ogre hits you with a +0 giant club.
* * * LOW HITPOINT WARNING * * *
The two-headed ogre hits you but does no damage.
You barely miss the two-headed ogre.
The two-headed ogre is almost dead.
The two-headed ogre hits you with a +0 giant club.
* * * LOW HITPOINT WARNING * * *
The two-headed ogre hits you with a +0 giant spiked club!
You die...

.# #.# #.............#.#
#. .#
#............####.#.###.
.# #............#
#.#..... .#
#............# #.#####.
.# #............# #.#
... .# #............# .#
#.## .# #............#
..... .# #............#
... .# #......@O....#
.... .# #.#+#.########
... .######### #.#
.........#####.#
...............#
.........#######
.........# .........#
.........#


You could see a two-headed ogre.

Vanquished Creatures
  A harpy zombie (D:7)
  A troll (D:8)
  A hornet (D:5)
  Edmund (D:4)
  A water moccasin (D:4)
  2 sky beasts
  A black bear (D:6)
  An ogre (D:4)
  A centaur (D:8)
  2 phantoms
  A gnoll sergeant (D:6)
  2 scorpions (D:4)
  A howler monkey (D:6)
  3 hounds
  A jelly (D:6)
  A gnoll bouda (D:6)
  2 orc priests
  2 iguanas (D:6)
  6 orc wizards
  12 gnolls
  6 adders
  2 shadow imps (D:7)
  3 white imps
  3 ufetubi
  5 worms
  2 dart slugs
  21 orcs
  8 ball pythons
  10 bats
  14 endoplasms
  2 giant cockroaches
  5 goblins
  6 hobgoblins
  8 jackals
  3 quokkas
  4 frilled lizards
  8 kobolds
  4 rats
157 creatures vanquished.

Notes
Turn   | Place    | Note
-------+----------+-------------------------------------------
     0 | D:1      | Balder the Hill Orc Fighter began the quest for the Orb.
     0 | D:1      | Reached XP level 1. HP: 19/19 MP: 1/1
   197 | D:1      | Reached XP level 2. HP: 27/27 MP: 2/2
   357 | D:1      | Reached skill level 3 in Axes
   384 | D:1      | Reached XP level 3. HP: 28/33 MP: 3/3
  1161 | D:2      | Reached XP level 4. HP: 40/40 MP: 4/4
  1193 | D:2      | Found the +18 Lear's hauberk
  1351 | D:2      | Identified the +3 spear of Ru's Hope {spect, Int+5}
  2073 | D:3      | Reached skill level 4 in Axes
  2103 | D:3      | Reached skill level 1 in Stealth
  2183 | D:3      | Reached XP level 5. HP: 38/46 MP: 5/5
  2213 | D:3      | Reached skill level 1 in Dodging
  2329 | D:3      | Found a hide-covered altar of Uskayaw.
  2434 | D:3      | Found a stormy altar of Qazlal.
  2522 | D:3      | Noticed a sky beast
  2548 | D:3      | Killed a sky beast
  2549 | D:3      | Reached skill level 5 in Axes
  2549 | D:3      | Reached XP level 6. HP: 53/53 MP: 6/6
  3000 | D:4      | Reached skill level 6 in Axes
  3000 | D:4      | Reached skill level 1 in Throwing
  3248 | D:4      | Noticed Edmund
  3256 | D:4      | Killed Edmund
  3257 | D:4      | Reached XP level 7. HP: 51/60 MP: 7/7
  3392 | D:4      | You fall into a shaft and drop 1 floor!
  3392 | D:5      | Entered Level 5 of the Dungeon
  3412 | D:5      | Found an ancient bone altar of Kikubaaqudgha.
  3444 | D:5      | Found a blossoming altar of Fedhas.
  3512 | D:5      | Noticed a hornet
  3522 | D:5      | Paralysed by a hornet for 3 turns
  3695 | D:5      | Paralysed by a hornet for 2 turns
  3697 | D:5      | Killed a hornet
  3698 | D:5      | Reached skill level 7 in Axes
  3879 | D:4      | Reached XP level 8. HP: 67/67 MP: 8/8
  3905 | D:4      | Reached skill level 5 in Fighting
  3948 | D:4      | Found a glowing silver altar of Zin.
  4228 | D:4      | Reached skill level 8 in Axes
  4442 | D:4      | Reached skill level 5 in Armour
  4465 | D:4      | Found an opulent altar of Gozag.
  5387 | D:6      | Reached skill level 9 in Axes
  5410 | D:6      | Found a sacrificial altar of Ru.
  5612 | D:6      | Reached skill level 5 in Shields
  5612 | D:6      | Reached XP level 9. HP: 51/75 MP: 9/9
  5897 | D:6      | Found a shadowy altar of Dithmenos.
  6193 | D:6      | Found a sparkling altar of Nemelex Xobeh.
  6193 | D:6      | Found a snail-covered altar of Cheibriados.
  6369 | D:7      | Noticed a hellwing
  6370 | D:7      | Noticed a hellwing
  6638 | D:8      | Reached skill level 1 in Short Blades
  6638 | D:8      | Reached skill level 10 in Axes
  6803 | D:8      | Noticed a troll
  6812 | D:8      | Killed a troll
  6995 | D:8      | Noticed a two-headed ogre
  7008 | D:8      | Slain by a two-headed ogre

Illustrated notes

Levels and vault maps discovered:
D:1:      tarquinn_simple_flora_water_a, layout_loops_ring
D:2:      layout_basic, nicolae_wormholes
D:3:      layout_loops_cross, lemuel_tele_altar,
          nicolae_qazlal_eye_of_the_storm, minmay_pentomino_pile
D:4:      layout_loops_corners, pdpol_temple_overflow_zin_treasury_gozag_greed,
          uniq_edmund
D:5:      layout_cave_pools, mainiacjoe_overflow_surrounded_room,
          mainiacjoe_overflow_24_doors
D:6:      layout_cave_pools, mainiacjoe_overflow_six_doors_small,
          lemuel_round_altar, amethyst_overflow_temple_binary
D:7:      cheibrodos_grave_circle, layout_basic, kennysheep_little_box,
          minmay_temple_entry_statues_pillars, serial_demonic, serial_demonic_g,
          serial_demonic_a, serial_demonic_e, serial_demonic_f,
          uniq_crazy_yiuf_cottage
D:8:      layout_basic, nicolae_overflow_hidden_temple, david_lair_shrubbed

Skill      XL: |  1  2  3  4  5  6  7  8  9 |
---------------+----------------------------+-----
Axes           | 3 4 5 6 7 9 10 | 10.1
Fighting       | 4 5 6 |  6.1
Stealth        | 1 2 3 |  3.2
Dodging        | 1 2 |  2.6
Armour         | 4 5 6 |  6.1
Shields        | 4 5 |  5.4
Throwing       | 1 2 3 |  3.0
Short Blades   | 1 |  1.2

Action                     |  1- 3 |  4- 6 |  7- 9 || total
---------------------------+-------+-------+-------++-------
  Melee: War axe           |    98 |   209 |   243 ||   550
         Dagger            |       |       |    41 ||    41
    Use: Potion            |       |     1 |     4 ||     5
         Scroll            |       |       |    16 ||    16
 Armour: Scale mail        |    55 |    12 |       ||    67
         Chain mail        |       |   167 |   325 ||   492
  Dodge: Dodged            |    30 |    63 |   170 ||   263
  Block: Buckler           |    21 |    45 |   124 ||   190
